 Dungeon Crawl Stone Soup version 0.23-a0-8-gb809bb7 (webtiles) character file.

51 Amnesiac the Conjurer (level 3, -2/24 HPs)
             Began as a Mummy Conjurer on Aug 2, 2018.
             Was a Follower of Qazlal.
             Slain by an orc wizard
             ... wielding a +6 dagger
              (6 damage)
             ... on level 3 of the Dungeon.
             The game lasted 00:03:50 (1423 turns).

Amnesiac the Conjurer (Mummy Conjurer)              Turns: 1423, Time: 00:03:51

Health: -2/24      AC:  3    Str: 11    XL:     3   Next: 57%
Magic:  1/8        EV: 12    Int: 15    God:    Qazlal [*.....]
Gold:   60         SH:  2    Dex: 12    Spells: 6/9 levels left

rFire    x . .     SeeInvis .   d - +0 flail
rCold    + . .     Gourm    .   (no shield)
rNeg     + + +     Faith    .   a - +0 robe
rPois    ∞         Spirit   .   (no helmet)
rElec    .         Reflect  .   (no cloak)
rCorr    .         Harm     .   b - +0 pair of gloves
MR       .....                  (no boots)
Stlth    ++........             (no amulet)
HPRegen  0.08/turn              (no ring)
MPRegen  0.11/turn              (no ring)

@: slowed, very slow
A: no food or potions, fire vulnerability, cold resistance 1, negative energy
resistance 3, torment resistance, unbreathing
a: Renounce Religion


You were on level 3 of the Dungeon.
You worshipped Qazlal.
Qazlal was aware of your devotion.
You were not hungry.

You visited 1 branch of the dungeon, and saw 4 of its levels.

You collected 60 gold pieces.

Inventory:

Hand Weapons
 d - a +0 flail (weapon)
Armour
 a - a +0 robe (worn)
 b - a +0 pair of gloves (worn)
Scrolls
 c - a scroll of identify {!r, unknown}


   Skills:
 - Level 1.5 Dodging
 - Level 1.5 Stealth
 + Level 3.8 Spellcasting
 * Level 4.0 Conjurations


You had 6 spell levels left.
You knew the following spells:

 Your Spells              Type           Power        Failure   Level  Hunger
a - Magic Dart            Conj           ##..         3%          1    N/A
d - Searing Ray           Conj           ##....       5%          2    N/A

Your spell library contained the following spells:

 Spells                   Type           Power        Failure   Level  Hunger
 Iskenderun's Mystic Bla  Conj           ##......     34%         4    N/A
 Fulminant Prism          Conj/Hex       #.........   63%         4    N/A
 Dazzling Spray           Conj/Hex       #.....       24%         3    N/A
 Force Lance              Conj/Tloc      #.......     63%         4    N/A

Dungeon Overview and Level Annotations

Branches:
Dungeon (4/15)
 Temple: D:4-7

Altars:
Qazlal

Annotations:
D:4 Duvessa, Edmund


Innate Abilities, Weirdness & Mutations

You do not eat or drink.
Your flesh is vulnerable to fire.
You are immune to poison.
Your flesh is cold resistant. (rC+)
You are immune to negative energy. (rN+++)
You are immune to unholy pain and torment.
You can survive without breathing.


Message History

Aiming: Magic Dart (safe; 3% risk of failure)
Press: ? - help, Shift-Dir - straight line, f - orc wizard
Aim: an orc wizard, wielding an enchanted dagger and wearing a robe The magic dart hits the orc wizard.
Casting: Magic Dart (safe; 3% risk of failure)
Confirm with . or Enter, or press ? or * to list all spells.
Aiming: Magic Dart (safe; 3% risk of failure)
Press: ? - help, Shift-Dir - straight line, f/p - orc wizard
Aim: an orc wizard, wielding an enchanted dagger and wearing a robe You miscast Magic Dart.
You are very lightly contaminated with residual magic.
Nothing appears to happen.
Casting: Magic Dart (safe; 3% risk of failure)
Confirm with . or Enter, or press ? or * to list all spells.
You don't know that spell.
Unknown command.
Casting: Magic Dart (safe; 3% risk of failure)
Confirm with . or Enter, or press ? or * to list all spells.
Okay, then.
The orc wizard casts a spell.
The orc wizard blinks!
The orc wizard casts a spell.
The orc wizard blinks!
You hit the orc but do no damage.
The orc is heavily wounded.
The orc hits you with a club. The orc wizard completely misses you.
The orc hits you with a club.
You barely miss the orc.
The orc is heavily wounded.
The orc wizard casts a spell at you.
You feel yourself slow down. The orc closely misses you.
The orc wizard barely misses you.
You barely miss the orc.
The orc is heavily wounded.
The orc hits you with a club.
The orc wizard points at you and mumbles some strange words.
The magic dart hits you! The orc closely misses you.
The orc wizard hits you with an enchanted dagger.
Wield which item (- for none, * to show all)? (? for menu, Esc to quit)
Okay, then.
You hit the orc.
You kill the orc!
Qazlal accepts your kill. The orc wizard closely misses you.
You block the orc wizard's attack.
Casting: Magic Dart (safe; 3% risk of failure)
Confirm with . or Enter, or press ? or * to list all spells.
Aiming: Searing Ray (safe; 5% risk of failure)
Press: ? - help, Shift-Dir - straight line, f/p - orc wizard
Aim: an orc wizard, wielding an enchanted dagger and wearing a robe The searing ray hits the orc wizard.
The orc wizard is moderately wounded. (Press . to maintain the ray.)
The orc wizard hits you with an enchanted dagger.
* * * LOW HITPOINT WARNING * * *
The searing ray hits the orc wizard.
The orc wizard is moderately wounded.
The orc wizard closely misses you. The orc wizard casts a spell at you.
The magic dart hits you!
* * * LOW HITPOINT WARNING * * *
Your magical contamination has completely faded away.
The searing ray misses the orc wizard.
The orc wizard hits you with an enchanted dagger.
You die...

#.#.##...... #.#)#####.##
#.#.# ##.!.# #...###...%.
##.o#....... #..#.#.....
#..#.##...#
##########..#.....## #######
#.o@).......#..#####
##.....###>########.##..# #.
...........########§##..####.
#.#......................g..
#.#.#.####.########..###....
#.....# .# ####..# #....
###.######.# #.....###.#..
..#####).......# ##......#..
........######## #.######..


You could see an orc wizard.

Vanquished Creatures
  An adder (D:3)
  An adder skeleton (D:3)
  A dart slug (D:2)
  3 leopard geckos
  3 orcs (D:3)
  A ball python (D:3)
  2 giant cockroaches (D:2)
  A goblin (D:3)
  3 hobgoblins (D:3)
  3 jackals
  4 bats
  A kobold (D:2)
  4 rats
28 creatures vanquished.

Notes
Turn   | Place    | Note
-------+----------+-------------------------------------------
     0 | D:1      | Amnesiac the Mummy Conjurer began the quest for the Orb.
     0 | D:1      | Reached XP level 1. HP: 13/13 MP: 4/4
   202 | D:2      | Reached XP level 2. HP: 10/19 MP: 3/6
   346 | D:2      | Learned a level 2 spell: Searing Ray
   475 | D:3      | Found a faded altar of an unknown god.
   483 | D:3      | Became a worshipper of Qazlal Stormbringer
   483 | D:3      | Reached * piety under Qazlal
   730 | D:4      | Noticed Duvessa
   888 | D:3      | Reached XP level 3. HP: 17/24 MP: 0/8
   962 | D:4      | Noticed Edmund
  1374 | D:3      | Reached skill level 4 in Conjurations
  1423 | D:3      | Slain by an orc wizard

Vault maps used:
D:1:      minmay_arrival_glassed_features, minmay_misc_feat_encased
D:2:      cheibrodos_helix_gallery, old_standard_altar,
          nemelex_spade_bored_becter, uniq_crazy_yiuf_cottage, uniq_natasha
D:3:      chequers_ecumenical_altar_grove
D:4:      nicolae_qazlal_general_emergency, kennysheep_mini,
          lemuel_crystal_altar, minmay_temple_entry_statues,
          portal_sewer_entry_c, first_ration, grunt_decor_one_mirror, uniq_ijyb,
          uniq_edmund, uniq_duvessa

Skill      XL: |  1  2  3 |
---------------+----------+-----
Spellcasting   | 3 |  3.8
Conjurations   | 4 |  4.0
Dodging        | |  1.5
Stealth        | |  1.5

Action                   || total
-------------------------++-------
Melee: Unarmed           ||    11
       Flail             ||    11
 Cast: Magic Dart        ||    69
       Searing Ray       ||     5
  Use: Scroll            ||     3
Armor: Robe              ||     6
Dodge: Dodged            ||    35
Block: Other             ||     3

Table legend:
 A = Spawn XP
 B = Non-spawn XP
 C = Spawn XP percentage of total XP
 D = Spawn monster count
 E = Non-spawn monster count
 F = Spawn count percentage of total count
 G = Total turns spent on level
                    A         B        C        D         E        F      G
               +---------+---------+-------+---------+---------+-------+---------
         Total |       0 |      73 |   0.0 |       0 |      28 |   0.0 |  1423
               +---------+---------+-------+---------+---------+-------+---------
           D:1 |       0 |       2 |   0.0 |       0 |       2 |   0.0 |   125
           D:2 |       0 |      22 |   0.0 |       0 |      10 |   0.0 |   272
           D:3 |       0 |      49 |   0.0 |       0 |      16 |   0.0 |   774
               +---------+---------+-------+---------+---------+-------+---------
